 Dungeon Crawl Stone Soup version 0.22.1-1-ga44c0e56f4 (webtiles) character file.

97 Kohma the Shield-Bearer (level 4, 0/40 HPs)
             Began as a Hill Orc Fighter on Oct 7, 2018.
             Succumbed to Terence's poison
             ... on level 2 of the Dungeon.
             The game lasted 00:05:08 (1600 turns).

Kohma the Shield-Bearer (Hill Orc Fighter)          Turns: 1600, Time: 00:05:08

Health: 0/40       AC:  6    Str: 18    XL:     4   Next: 68%
Magic:  4/4        EV:  7    Int:  8    God:
Gold:   39         SH:  9    Dex: 11    Spells: 3/3 levels left

rFire    . . .     SeeInvis .   a - +0 long sword
rCold    . . .     Gourm    .   c - +0 shield
rNeg     . . .     Faith    .   b - +0 scale mail
rPois    .         Spirit   .   (no helmet)
rElec    .         Reflect  .   (no cloak)
rCorr    .         Harm     .   (no gloves)
MR       .....                  (no boots)
Stlth    ..........             (no amulet)
HPRegen  0.13/turn              (no ring)
MPRegen  0.09/turn              (no ring)

@: lethally poisoned (0 -> -10)
A: wild magic 1, evolution 1
a: no special abilities


You were on level 2 of the Dungeon.
You were not hungry.

You visited 1 branch of the dungeon, and saw 2 of its levels.

You collected 39 gold pieces.

Inventory:

Hand Weapons
 a - a +0 long sword (weapon)
 h - a +0 hunting sling
Missiles
 e - 23 stones (quivered)
Armour
 b - a +0 scale mail (worn)
 c - a +0 shield (worn)
Scrolls
 g - 2 scrolls of remove curse {unknown}
 i - a scroll of teleportation {unknown}
 j - a scroll of magic mapping {unknown}
Potions
 d - a potion of might
 k - a potion of mutation
Comestibles
 f - 3 rations
 l - a chunk of flesh


   Skills:
 + Level 4.2 Fighting
 * Level 3.7 Long Blades
 - Level 3.2 Armour
 * Level 4.4 Shields


You had 3 spell levels left.
You didn't know any spells.
Your spell library was empty.

Dungeon Overview and Level Annotations

Branches:
Dungeon (2/15)

Altars:

Annotations:
D:2 Terence


Innate Abilities, Weirdness & Mutations

Your spells are a little harder to cast, but a little more powerful.
You evolve.


Message History

You feel sick.
* * * LOW HITPOINT WARNING * * *
You feel sick.
* * * LOW HITPOINT WARNING * * *
You feel sick.
* * * LOW HITPOINT WARNING * * *
You feel sick.
* * * LOW HITPOINT WARNING * * *
You feel sick.
* * * LOW HITPOINT WARNING * * *
You feel sick.
* * * LOW HITPOINT WARNING * * *
You feel sick.
* * * LOW HITPOINT WARNING * * *
You feel sick.
Okay, then.
It was a potion of mutation.
You feel extremely strange.
You feel nature experimenting on you.
Don't worry, failures die fast.
You feel less in control of your magic.
You die...

..(...........))##...#
..........###.#.#..<.#
...#..........#..#...#
...#..#########......#
...#...%.#.# ##..#..#
...##.#.##.# ###.#..#
...##.#.##.# #...#..#
...##†#.##.####.#.#..##
......#........@@.....#
......#########.#.....#
......# #.#..>..#
.....## #.#.###...
..... #.... ... ...##
###.# +# ... .. ..


You could see Terence.

Vanquished Creatures
  Jessica (D:1)
  3 gnolls
  3 dart slugs (D:1)
  2 giant cockroaches (D:1)
  4 goblins (D:1)
  2 hobgoblins (D:1)
  4 jackals (D:1)
  7 bats
  A frilled lizard (D:1)
  4 kobolds
  10 rats
41 creatures vanquished.

Notes
Turn   | Place    | Note
-------+----------+-------------------------------------------
     0 | D:1      | Kohma the Hill Orc Fighter began the quest for the Orb.
     0 | D:1      | Reached XP level 1. HP: 19/19 MP: 1/1
   126 | D:1      | Reached XP level 2. HP: 27/27 MP: 2/2
   476 | D:1      | Reached XP level 3. HP: 25/33 MP: 3/3
  1111 | D:2      | Noticed Jessica
  1124 | D:1      | Killed Jessica
  1124 | D:1      | Reached XP level 4. HP: 36/40 MP: 4/4
  1567 | D:2      | Noticed Terence
  1597 | D:2      | HP: 2/40 [poisoned by Terence]
  1600 | D:2      | Gained mutation: You evolve. [potion of mutation]
  1600 | D:2      | Gained mutation: Your spells are a little harder to cast,
                  | but a little more powerful. [potion of mutation]
  1600 | D:2      | Succumbed to Terence's poison

Skill      XL: |  1  2  3 |
---------------+----------+-----
Long Blades    | 3 |  3.7
Fighting       | 4 |  4.2
Shields        | 4 |  4.4
Armour         | |  3.2

Action                   |  1- 3 |  4- 6 || total
-------------------------+-------+-------++-------
Melee: Long sword        |   101 |    30 ||   131
  Use: Potion            |       |     1 ||     1
  Eat: Chunk             |     1 |     1 ||     2
Armor: Scale mail        |    48 |     6 ||    54
Dodge: Dodged            |    35 |     7 ||    42
Block: Shield            |    51 |    20 ||    71
       Rpst.: Long sword |    11 |     4 ||    15
